 Dungeon Crawl Stone Soup version 0.17-a0-848-g7e5c6af (webtiles) character file.

16115 xeno23 the Basher (level 12, -11/122 HPs)
             Began as an Ogre Wizard on Apr 27, 2015.
             Was a High Priest of Makhleb.
             Mangled by a black mamba (18 damage)
             ... on level 3 of the Lair of Beasts.
             The game lasted 01:30:09 (15712 turns).

xeno23 the Basher (Ogre Wizard)                    Turns: 15712, Time: 01:30:09

Health: -11/122    AC:  8    Str: 19    XL:     12   Next: 34%
Magic:  16/27      EV:  9    Int: 17    God:    Makhleb [*****.]
Gold:   719        SH:  0    Dex:  8    Spells: 8 memorised, 14 levels left

rFire  . . .     SeeInvis .     A - +0 giant spiked club (crush)
rCold  + . .     Clarity  .     h - +2 robe {rC+}
rNeg   + . .     SustAb   .     (no shield)
rPois  .         Gourm    .     b - +1 hat
rElec  .         Spirit   .     p - +1 cloak
rCorr  .         Warding  +     (gloves unavailable)
rMut   .         Stasis   .     (boots unavailable)
MR     +....                    B - amulet of warding
Stlth  ++........               (no ring)
                                O - ring of stealth

@: repel missiles, somewhat resistant to hostile enchantments, unstealthy
A: unfitting armour, tough skin 1
a: Minor Destruction, Lesser Servant of Makhleb, Major Destruction, Greater
Servant of Makhleb, Renounce Religion


You were on level 3 of the Lair of Beasts.
You worshipped Makhleb.
Makhleb was extremely pleased with you.
You were hungry.

You visited 3 branches of the dungeon, and saw 15 of its levels.
You also visited: Labyrinth and Sewer.

You collected 808 gold pieces.
You spent 89 gold pieces at shops.

Inventory:

Hand weapons
 n - a +0 trident
 w - a +2 dire flail of protection
 A - a +0 giant spiked club of crushing (weapon)
 W - a +0 blowgun
Missiles
 e - 3 throwing nets
 N - 6 large rocks (quivered)
Armour
 b - a +1 hat (worn)
 h - a +2 robe of cold resistance (worn)
 p - a +1 cloak (worn)
 u - the +3 crown of Eternal Torment {rTorment HP-- rN+++ SInv Curse}
   (You found it on level 4 of the Dungeon)

   It renders you almost immune to negative energy.
   It enhances your eyesight.
   It may re-curse itself when equipped.
Jewellery
 B - an amulet of warding (around neck)
 F - an uncursed ring of teleportation
 O - a ring of stealth (left hand)
Magical devices
 o - a wand of polymorph (10)
 G - a wand of cold (9)
 Y - a wand of teleportation (7)
Scrolls
 f - 3 scrolls of identify
 i - 6 scrolls of teleportation
 s - a scroll of immolation
 E - 3 scrolls of enchant weapon
 H - 4 scrolls of remove curse
 M - a scroll of fear
 X - a scroll of magic mapping
Potions
 a - 2 potions of invisibility
 g - a potion of ambrosia
 k - 2 potions of magic
 m - 2 potions of agility
 q - a potion of cure mutation {unknown}
 x - a potion of brilliance
 z - 2 potions of heal wounds
 C - a potion of cancellation
 K - 3 potions of might
 L - 3 potions of curing
 R - a potion of restore abilities
 S - a potion of berserk rage
Books
 j - a book of Necromancy

   Spells                             Type                      Level
   a - Pain                           Necromancy                   1
   b - Animate Skeleton               Necromancy                   1
   c - Vampiric Draining              Necromancy                   3
   d - Regeneration                   Charms/Necromancy            3
   e - Animate Dead                   Necromancy                   4
   f - Control Undead                 Necromancy                   4
Comestibles
 c - a royal jelly
 d - 10 bread rations
 l - 5 fruits
 r - 4 slices of pizza
 t - 3 chunks of flesh
 D - 7 meat rations


   Skills:
 + Level 8.7 Fighting
 * Level 14.2 Maces & Flails
 * Level 5.9 Throwing
 - Level 1.7 Dodging
 - Level 1.5 Stealth
 - Level 11.2 Spellcasting
 - Level 4.5 Conjurations
 * Level 1.0 Charms
 - Level 0.6 Summonings
 * Level 4.0 Translocations
 + Level 5.2 Invocations


You had 14 spell levels left.
You knew the following spells:

 Your Spells              Type           Power        Failure   Level  Hunger
a - Magic Dart            Conj           ####         1%          1    None
b - Blink                 Tloc           N/A          2%          2    None
c - Call Imp              Summ           ##......     12%         2    None
d - Conjure Flame         Conj/Fire      ###.....     10%         3    None
e - Mephitic Cloud        Conj/Pois/Air  ##......     14%         3    None
f - Portal Projectile     Tloc           ###...       6%          3    None
r - Repel Missiles        Chrm/Air       ##....       12%         2    None
t - Regeneration          Chrm/Necr      ##........   21%         3    None


Dungeon Overview and Level Annotations

Branches:
Dungeon (11/15)            Temple (1/1) D:4            Lair (3/8) D:8
    Orc (0/4) D:10
  Swamp: Lair:3-6    Shoals: Lair:3-6     Snake: Lair:3-6    Spider: Lair:3-6

Altars:
Ashenzari
Cheibriados
Dithmenos
Elyvilon
Fedhas
Gozag
Kikubaaqudgha
Makhleb
Nemelex Xobeh
Okawaru
Qazlal
Ru
Sif Muna
Trog
Vehumet
Xom
Yredelemnul
Zin
The Shining One
Lugonu

Shops:
D:4 ?   D:10 ?


Innate Abilities, Weirdness & Mutations

You are too large for most types of armour.
You have tough skin (AC +1).


Message History

The black mamba is severely wounded.
You are feeling hungry.
You hear a croak.
You hear an angry hiss.
The black mamba bites you!
* * * LOW HITPOINT WARNING * * *
The black mamba bites you.
* * * LOW HITPOINT WARNING * * *
Your smoke demon closely misses the black mamba.
Your smoke demon barely misses the black mamba.
Your smoke demon hits the black mamba.
You take 23 damage.
Casting: Magic Dart
Confirm with . or Enter, or press ? or * to list all spells.
Aiming: Magic Dart
Press: ? - help, Shift-Dir - straight line, f/p - black mamba
Aim: a black mamba (almost dead)
The magic dart hits the black mamba.
The black mamba is almost dead.
The black mamba bites you!!
You die...

.....S........P##............÷...
.....<.........#.............<÷.#
..............#.##...........####
............. ####.........###
.....l.....P.. ##......###
..........P.... #..#..##
.........###... ###...##
####....## #..###P#.### #....#
#..#@#..#.# #.. . #P..S3.#..#
>..####....##### .....#.#..P#
P...P###..## #.....#.)##
#......## #......## ##......##


You could see a black mamba and a friendly smoke demon.

Vanquished Creatures
  A minotaur (Lab)
  A hydra (D:11)
  An unseen horror (D:11)
  2 hill giants (D:11)
  A cyclops (D:11)
  An ugly thing (D:11)
  2 spiny frogs (Lair:1)
  Joseph (D:8)
  Psyche (D:9)
  A fire drake (Lair:1)
  A komodo dragon (Lair:2)
  Grinder (D:5)
  A trapdoor spider (D:10)
  A spriggan (D:9)
  12 yaks
  3 blink frogs (Lair:3)
  2 hippogriffs
  A ynoxinul (D:11)
  Eustachio (D:5)
  Edmund (D:4)
  A hungry ghost (D:8)
  A porcupine (Lair:2)
  3 sky beasts
  5 ice beasts
  3 water moccasins (Lair:2)
  A necrophage (D:8)
  4 orc warriors
  4 black bears
  4 ogres
  6 centaurs
  5 crocodiles
  Blork the orc (D:5)
  14 giant frogs
  5 big kobolds
  A water moccasin zombie (D:11)
  2 scorpions
  6 killer bees
  2 spriggan skeletons (Lab)
  2 giant frog zombies
  4 hounds
  2 crimson imps
  2 jellies
  Crazy Yiuf (D:5)
  2 centaur skeletons (Lab)
  An orc priest (D:5)
  4 orc wizards
  5 iguanas
  Terence (D:2)
  6 worker ants
  15 sheep
  A worker ant zombie (D:6)
  7 gnolls
  17 river rats
  8 adders
  A shadow imp (D:11)
  An ooze (D:2)
  2 adder skeletons
  6 worms
  7 giant geckos
  26 orcs
  23 bats
  2 bat skeletons
  A bat zombie (D:7)
  9 giant cockroaches
  12 goblins
  16 hobgoblins
  11 jackals
  8 quokkas
  A ball python (D:4)
  7 giant newts
  2 giant spores (D:6)
  A jackal skeleton (D:5)
  31 kobolds
  A quokka skeleton (D:4)
  A quokka zombie (D:5)
  17 rats
  10 ballistomycetes
378 creatures vanquished.

Vanquished Creatures (collateral kills)
  A hydra (Lair:1)
  Fannar (Lair:1)
  2 yaks (D:11)
  A worker ant (D:10)
  An adder (D:2)
  An ooze (D:2)
  2 worms (D:2)
  A bat (D:5)
  A rat (D:5)
11 creatures vanquished.

Vanquished Creatures (others)
  A water moccasin (D:6)
  A centaur (D:6)
  A crimson imp (D:6)
  A white imp (D:2)
  A giant spore (D:3)
  A quokka (D:5)
  A fungus (Lair:1)
7 creatures vanquished.

Grand Total: 396 creatures vanquished

Notes
Turn   | Place    | Note
--------------------------------------------------------------
     0 | D:1      | xeno23, the Ogre Wizard, began the quest for the Orb.
     0 | D:1      | Reached XP level 1. HP: 16/16 MP: 5/5
    32 | D:1      | Reached skill level 1 in Conjurations
   207 | D:1      | Reached XP level 2. HP: 24/24 MP: 3/6
   239 | D:1      | Learned a level 2 spell: Blink
   242 | D:1      | Learned a level 2 spell: Call Imp
   245 | D:1      | Learned a level 2 spell: Repel Missiles
   759 | D:1      | Reached XP level 3. HP: 31/31 MP: 8/8
  1580 | D:2      | Found a blossoming altar of Fedhas.
  1681 | D:2      | Reached XP level 4. HP: 16/39 MP: 4/9
  2107 | D:2      | Reached skill level 4 in Spellcasting
  2432 | D:2      | Learned a level 3 spell: Conjure Flame
  2673 | D:2      | Noticed Terence
  2679 | D:2      | Killed Terence
  2679 | D:2      | Reached skill level 1 in Maces & Flails
  2798 | D:3      | Reached XP level 5. HP: 34/45 MP: 11/11
  3640 | D:3      | Found a burning altar of Makhleb.
  3655 | D:3      | Became a worshipper of Makhleb the Destroyer
  4100 | D:3      | Reached XP level 6. HP: 43/53 MP: 12/12
  4301 | D:4      | Found an iron altar of Okawaru.
  4413 | D:4      | Learned a level 3 spell: Mephitic Cloud
  4417 | D:4      | Found Punoci's Magic Scroll Shoppe.
  4433 | D:4      | Bought a scroll of identify for 22 gold pieces
  4433 | D:4      | Bought a scroll of teleportation for 33 gold pieces
  4445 | D:4      | Noticed Edmund
  4454 | D:4      | Killed Edmund
  4454 | D:4      | Reached skill level 5 in Maces & Flails
  4602 | D:4      | Found a staircase to the Ecumenical Temple.
  4618 | Temple   | Entered the Ecumenical Temple
  4901 | D:4      | Reached XP level 7. HP: 21/59 MP: 7/13
  5160 | D:4      | Found a sacrificial altar of Ru.
  5209 | D:4      | Reached skill level 6 in Maces & Flails
  5352 | D:5      | Entered Level 5 of the Dungeon
  5360 | D:5      | Noticed Grinder
  5361 | D:5      | Paralysed by Grinder for 5 turns
  5387 | D:5      | Killed Grinder
  5387 | D:5      | Reached skill level 7 in Maces & Flails
  5394 | D:5      | Noticed Blork the orc
  5403 | D:5      | Found a glowing drain.
  5426 | D:5      | Acquired Makhleb's first power
  5447 | Sewer    | Entered a sewer
  5515 | Sewer    | Reached skill level 8 in Maces & Flails
  5515 | Sewer    | Reached XP level 8. HP: 46/67 MP: 11/14
  5588 | D:5      | Found an iron altar of Okawaru.
  5595 | D:5      | Found an ancient bone altar of Kikubaaqudgha.
  5739 | D:5      | Reached skill level 1 in Fighting
  5991 | D:5      | Noticed Eustachio
  6050 | D:5      | Killed Eustachio
  6050 | D:5      | Reached skill level 9 in Maces & Flails
  6155 | D:5      | Noticed Crazy Yiuf
  6164 | D:5      | Killed Crazy Yiuf
  6164 | D:5      | Reached skill level 5 in Spellcasting
  6217 | D:5      | Killed Blork the orc
  6398 | D:6      | Acquired Makhleb's second power
  6620 | D:6      | Reached skill level 10 in Maces & Flails
  6620 | D:6      | Reached XP level 9. HP: 27/83 MP: 10/17
  6848 | D:6      | Found a glowing golden altar of the Shining One.
  6902 | D:6      | Found a glowing silver altar of Zin.
  6906 | D:6      | Found a white marble altar of Elyvilon.
  7618 | D:7      | Reached skill level 11 in Maces & Flails
  7797 | D:7      | Acquired Makhleb's third power
  8036 | D:7      | Found a snail-covered altar of Cheibriados.
  8314 | D:8      | Noticed Joseph
  8332 | D:8      | Killed Joseph
  8332 | D:8      | Reached skill level 5 in Fighting
  8340 | D:8      | Found a blossoming altar of Fedhas.
  8553 | D:8      | Found a radiant altar of Vehumet.
  8632 | D:8      | Reached skill level 1 in Invocations
  8632 | D:8      | Reached XP level 10. HP: 78/96 MP: 22/22
  8671 | D:8      | Found a sparkling altar of Nemelex Xobeh.
  8714 | D:8      | Reached skill level 12 in Maces & Flails
  8856 | D:8      | Found a staircase to the Lair.
  8978 | D:8      | Acquired Makhleb's fourth power
  9075 | D:8      | Found a bloodstained altar of Trog.
  9106 | D:8      | Found a stormy altar of Qazlal.
  9160 | D:9      | Noticed Psyche
  9175 | D:9      | Killed Psyche
  9606 | D:9      | Found a shattered altar of Ashenzari.
  9820 | D:9      | Acquired Makhleb's fifth power
 10113 | D:10     | Entered Level 10 of the Dungeon
 10113 | D:10     | Found Amebb's Magic Scroll Boutique.
 10126 | D:10     | Bought a scroll of identify for 34 gold pieces
 10222 | D:10     | Reached skill level 13 in Maces & Flails
 10472 | D:10     | Learned a level 3 spell: Portal Projectile
 10480 | D:10     | Found a staircase to the Orcish Mines.
 10937 | D:11     | Reached skill level 1 in Translocations
 10951 | D:11     | Reached skill level 1 in Throwing
 10951 | D:11     | Reached skill level 10 in Spellcasting
 10951 | D:11     | Reached XP level 11. HP: 94/109 MP: 17/25
 10956 | D:11     | Noticed a hill giant
 11253 | D:11     | Found a labyrinth entrance.
 11259 | Lab      | Entered a labyrinth
 11466 | Lab      | Noticed a minotaur
 11479 | Lab      | Killed a minotaur
 11676 | Lab      | Got a dazzling shortbow
 11677 | Lab      | Identified the +3 shortbow of Reisecev {velocity, MR- Str+3} (You found it in a labyrinth)
 11683 | Lab      | Identified the Incunabulum of Boosting Orientation
 11695 | Lab      | Identified the Compendium of Stones and Conjuration (You found it in a labyrinth)
 11742 | D:11     | Found a glowing golden altar of the Shining One.
 11888 | D:11     | Noticed a five-headed hydra
 11897 | D:11     | Killed a five-headed hydra
 12185 | D:11     | Killed a hill giant
 12601 | D:11     | Noticed a hill giant
 12605 | D:11     | Noticed a cyclops
 12608 | D:11     | Killed a hill giant
 12615 | D:11     | Killed a cyclops
 12815 | D:11     | Found a shattered altar of Ashenzari.
 12838 | D:11     | Noticed an unseen horror
 12839 | D:11     | Killed an unseen horror
 13064 | Lair:1   | Entered Level 1 of the Lair of Beasts
 13182 | Lair:1   | Noticed Fannar
 13198 | Lair:1   | Killed Fannar
 13198 | Lair:1   | Reached skill level 14 in Maces & Flails
 13324 | Lair:1   | Noticed a seven-headed hydra
 13330 | Lair:1   | Killed a seven-headed hydra
 13516 | Lair:1   | Reached XP level 12. HP: 100/120 MP: 25/27
 13528 | Lair:1   | Reached skill level 5 in Throwing
 13549 | Lair:1   | Reached skill level 5 in Invocations
 14390 | Lair:2   | Learned a level 3 spell: Regeneration
 15285 | Lair:2   | Reached skill level 1 in Charms
 15712 | Lair:3   | Mangled by a black mamba

Action                   |  1- 3 |  4- 6 |  7- 9 | 10-12 || total
-------------------------+-------+-------+-------+-------++-------
Melee: Unarmed           |   156 |       |    12 |       ||   168
       Rapier            |    35 |    49 |       |       ||    84
       Whip              |       |   192 |       |       ||   192
       Mace              |       |    15 |       |       ||    15
       Trident           |       |    10 |    29 |       ||    39
       Dire flail        |       |       |   459 |   543 ||  1002
       Giant spiked club |       |       |       |    93 ||    93
Throw: Large rock        |       |       |       |    18 ||    18
 Cast: Magic Dart        |    59 |    28 |    29 |    11 ||   127
       Repel Missiles    |     1 |       |     2 |     3 ||     6
       Call Imp          |     4 |     5 |     9 |       ||    18
       Conjure Flame     |       |     3 |     4 |     8 ||    15
       Mephitic Cloud    |       |       |     6 |    20 ||    26
       Portal Projectile |       |       |       |     4 ||     4
       Blink             |       |       |       |     6 ||     6
       Regeneration      |       |       |       |     6 ||     6
Invok: Minor Destruction |       |       |       |     7 ||     7
       Lesser Servant of |       |       |       |     3 ||     3
       Greater Servant o |       |       |       |     1 ||     1
       Major Destruction |       |       |       |     1 ||     1
 Abil: Evoke Teleportati |       |       |       |     2 ||     2
Evoke: Wand              |       |       |     1 |       ||     1
  Use: Scroll            |       |     7 |    14 |    11 ||    32
       Potion            |       |       |       |     4 ||     4
 Stab: Sleeping          |     1 |     1 |     2 |     5 ||     9
       Confused          |       |       |       |    16 ||    16
       Distracted        |       |       |       |     1 ||     1
  Eat: Chunk             |     3 |    10 |    14 |    23 ||    50
       Beef jerky        |       |       |       |     1 ||     1
